 Dungeon Sprint DCSS version 0.27-a0-1456-gf5a116941d (webtiles) character file.

Game seed: 14409268002990079342

191 mhtbhm the Chopper (level 5, -10/51 HPs)
             Began as a Hill Orc Fighter on July 5, 2021.
             Mangled by a shadow (27 damage)
             ... in the Dungeon (Sprint III: "The Ten Rune Challenge").
             The game lasted 00:01:11 (669 turns).

mhtbhm the Chopper (Hill Orc Fighter)                Turns: 669, Time: 00:01:11

Health: -10/51     AC:  8    Str: 20    XL:     5   Next: 70%
Magic:  5/5        EV:  9    Int:  8    God:
Gold:   18         SH: 10    Dex: 12    Spells: 4/4 levels left

rFire    . . .     SeeInvis .   a - +0 war axe
rCold    . . .     Faith    .   c - +0 kite shield
rNeg     . . .     Spirit   .   b - +0 scale mail
rPois    +         Reflect  .   (no helmet)
rElec    .         Harm     .   (no cloak)
rCorr    .         Rampage  .   (no gloves)
Will     .....     NoTele   +   (no boots)
Stlth    ..........             (no amulet)
HPRegen  0.17/turn              (no ring)
MPRegen  0.09/turn              (no ring)

@: no status effects
A: agile 1, poison resistance
a: no special abilities


You were in the Dungeon.
You visited 1 branch You collected 18 gold pieces.

Inventory:

Hand Weapons
 a - a +0 war axe (weapon)
Armour
 b - a +0 scale mail (worn)
 c - a +0 kite shield (worn)
Scrolls
 j - a scroll of blinking
 k - 5 scrolls of immolation {unknown}
 l - 3 scrolls of identify
Potions
 d - a potion of might
 e - a potion of curing
 f - a potion of heal wounds
 g - a potion of haste
 h - 2 potions of magic
 m - 2 potions of flight {unknown}
 n - 2 potions of mutation


   Skills:
 + Level 6.4 Fighting
 + Level 7.7 Axes
 + Level 7.4 Armour
 + Level 2.0 Dodging
 + Level 0.2 Stealth
 + Level 6.8 Shields


You had 4 spell levels left.
You didn't know any spells.
Your spell library was empty.

Dungeon Overview and Level Annotations

Branches:
Dungeon (1/1)

Altars:
Dithmenos
Ru
Yredelemnul


Innate Abilities, Weirdness & Mutations

You are agile. (Dex +2)
Your system is resistant to poisons. (rPois)


Message History

Your Axes skill increases to level 7!
Your Armour skill increases to level 7!
Your Dodging skill increases to level 2!
Your Shields skill increases to level 6!
You have reached level 5!
You feel stronger.
There is an open door here.
Things that are here:
a +0 dagger; a +0 robe; a necrophage corpse You now have 18 gold pieces (gained 2).
There is a shadowy altar of Dithmenos here.
You start resting.
You start resting.
HP restored.
There is an open door here.
Things that are here:
a +0 dagger; a +0 robe; a necrophage corpse As you open the door, it creaks loudly!
A jelly comes into view.
A shadow comes into view.
You block the shadow's attack.
There is an open door here.
You hit the shadow.
The shadow is lightly damaged.
The shadow slips into darkness.
The shadow flickers and vanishes!
Deactivating autopickup; reactivate with Ctrl-A.
The shadow strikes at you from the darkness!
Reactivating autopickup.
You block the jelly's attack.
You hit the shadow but do no damage.
The shadow is lightly damaged.
You slash the jelly!
Your hands burn!
The shadow hits you. You block the jelly's attack.
The shadow slips into darkness.
The shadow flickers and vanishes!
Deactivating autopickup; reactivate with Ctrl-A.
You block the jelly's attack.
You slash something! You hit the jelly.
Your hands burn!
The shadow strikes at you from the darkness!
Ouch! That really hurt!
You die...

▓▓▓ ##.# ####
####..# #__#
#..#..# #._#
#..#..###+#+###)##
##'#..#..........#
###...'.⌠........#
###...#...######'#
##....#.⌠.# #.{@#
#.....#...# #..J#
......#+### #...#
#.....# #...+
##....# +...#
▓▓▓▓▓▓ ▓▓▓▓▓


You could see a jelly.

Vanquished Creatures
  A necrophage (D)
  A water elemental (D)
  A necromancer (D)
  A human (D)
  A phantom (D)
  4 rats (D)
9 creatures vanquished.

Notes
Turn   | Place    | Note
-------+----------+-------------------------------------------
     0 | D        | mhtbhm the Hill Orc Fighter began the quest for the Orb.
     0 | D        | Reached XP level 1. HP: 19/19 MP: 1/1
    98 | D        | Reached skill level 5 in Fighting
    98 | D        | Reached XP level 2. HP: 8/29 MP: 2/2
   294 | D        | Reached XP level 3. HP: 23/36 MP: 3/3
   397 | D        | Gained mutation: You sometimes lose the ability to read
                  | scrolls when taking damage. [potion of mutation]
   399 | D        | Lost mutation: You sometimes lose the ability to read
                  | scrolls when taking damage. [potion of mutation]
   399 | D        | Gained mutation: You tend to lose your temper in combat.
                  | [potion of mutation]
   399 | D        | Gained mutation: Your spells are a little harder to cast,
                  | but a little more powerful. [potion of mutation]
   399 | D        | Gained mutation: Your magical capacity is low. (-10% MP)
                  | [potion of mutation]
   403 | D        | Lost mutation: You tend to lose your temper in combat.
                  | [potion of mutation]
   403 | D        | Lost mutation: Your spells are a little harder to cast, but
                  | a little more powerful. [potion of mutation]
   403 | D        | Lost mutation: Your magical capacity is low. (-10% MP)
                  | [potion of mutation]
   403 | D        | Gained mutation: Your system is resistant to poisons.
                  | (rPois) [potion of mutation]
   403 | D        | Gained mutation: You are agile. (Dex +2) [potion of
                  | mutation]
   407 | D        | Noticed a water elemental
   421 | D        | Killed a water elemental
   422 | D        | Reached skill level 5 in Axes
   422 | D        | Reached skill level 5 in Armour
   422 | D        | Reached skill level 1 in Dodging
   422 | D        | Reached skill level 5 in Shields
   422 | D        | Reached XP level 4. HP: 31/44 MP: 4/4
   593 | D        | Found a basalt altar of Yredelemnul.
   593 | D        | Found a shadowy altar of Dithmenos.
   593 | D        | Found a sacrificial altar of Ru.
   593 | D        | Noticed a necrophage
   611 | D        | Killed a necrophage
   612 | D        | Reached XP level 5. HP: 43/51 MP: 5/5
   664 | D        | Noticed a shadow
   669 | D        | Mangled by a shadow

Illustrated notes

Levels and vault maps discovered:
D:        dungeon_sprint_mu [sprint_mu_entry_cave, sprint_mu_temple_rooms,
          sprint_mu_d1_horrors, sprint_mu_d2_genie, sprint_mu_d3_branching,
          sprint_mu_orc_legion, sprint_mu_elf_gauntlet, sprint_mu_hive_nellie,
          sprint_mu_lair_fedhas, sprint_mu_vaults_butterflies,
          sprint_mu_slime_circle, sprint_mu_shoals_archi,
          sprint_mu_snake_twists, sprint_mu_blade_basic, sprint_mu_crypt_lich,
          sprint_mu_tomb_spiral, sprint_mu_vestibule_basic,
          sprint_mu_gehenna_hellfire, sprint_mu_dis_giant,
          sprint_mu_tartarus_statrot, sprint_mu_cocytus_islands, sprint_mu_zot1]

Skill      XL: |  1  2  3  4 |
---------------+-------------+-----
Fighting       | 5 6 |  6.4
Axes           | 3 5 7 |  7.7
Armour         | 4 5 7 |  7.4
Shields        | 4 5 6 |  6.8
Dodging        | 1 2 |  2.0
Stealth        | |  0.2

Action                   |  1- 3 |  4- 6 || total
-------------------------+-------+-------++-------
Melee: War axe           |    44 |    21 ||    65
  Use: Potion            |     4 |       ||     4
Armor: Scale mail        |     6 |     5 ||    11
Dodge: Dodged            |    19 |     4 ||    23
Block: Kite shield       |    25 |    10 ||    35

Table legend: (Time is in decaauts)
 A = Elapsed time spent in this place.
 B = Non-inter-level travel time spent in this place.
 C = Inter-level travel time spent in this place.
 D = Time resting spent in this place.
 E = Time spent auto-exploring this place.
 F = Levels seen in this place.
 G = Mean time per level.
                   A        B        C        D        E       F      G
               +--------+--------+--------+--------+--------+-----+--------+
         Total |    710 |    710 |      0 |    466 |     48 |   1 |  710.0 |
       Dungeon |    710 |    710 |      0 |    466 |     48 |   1 |  710.0 |
               +--------+--------+--------+--------+--------+-----+--------+

Top non-repeatable levels by time:
       D: 710 daAuts
